[Event "Late-Titled-Tuesday-Blitz-May-14-2024"]
[Site "Chess.com"]
[Date "2024.05.14"]
[Round "4"]
[White "doublesik"]
[Black "Dhaydon19"]
[Result "1-0"]
[WhiteElo "2555"]
[BlackElo "2727"]
[TimeControl "180+1"]
[EndTime "14:40:12 PDT"]
[Termination "doublesik won by checkmate"]

1. d4 c6 2. c4 d5 3. Nf3 Nf6 4. e3 e6 5. b3 Bd6 6. Bb2 Ne4 7. Nbd2 f5 8. Bd3 O-O 9. Ne5 Bb4 10. Bxe4 fxe4 11.
O-O Nd7 12. Nxd7 Bxd7 13. f3 Qg5 14. f4 Qg6 15. c5 Ba5 16. Qe2 Bc7 17. Kh1 h5 18. Bc3 b6 19. b4 a5 20. a4 bxc5 21.
bxc5 Bc8 22. Rfb1 Ba6 23. Qf2 Rfb8 24. Nb3 Bd3 25. Rb2 Rb7 26. Qd2 Rab8 27. Nc1 Rxb2 28. Bxb2 Bc4 29. Bc3 Qg4 30. h3 Qg3 31. Ne2 Qf2 32.
Ng1 Qxd2 33. Bxd2 Rb2 34. Bc3 Rc2 35. Be1 Bb3 36. g4 hxg4 37. hxg4 g5 38. Nh3 gxf4 39. Nxf4 e5 40. Ne6 Bb8 41. Bxa5 exd4 42. Nxd4 Rb2 43. Bc3 Rh2+ 44. Kg1 Bc4 45. Nxc6 Bg3 46. Be5 Bxe5 47. Nxe5 Rh3 48. Nxc4 dxc4 49. a5 Rxe3 50. a6 Ra3 51. Rxa3 c3 52. Rxc3 Kf7 53. a7 Ke6 54. a8=Q Ke5 55.
c6 Kd4 56. c7 Kxc3 57. Qxe4 Kd2 58. c8=Q Kd1 59. Qcc2# 1-0

[Event "Late-Titled-Tuesday-Blitz-May-14-2024"]
[Site "Chess.com"]
[Date "2024.05.14"]
[Round "4"]
[White "slidingknight2775"]
[Black "MITerryble"]
[Result "0-1"]
[WhiteElo "2614"]
[BlackElo "3003"]
[TimeControl "180+1"]
[EndTime "14:40:13 PDT"]
[Termination "MITerryble won by checkmate"]

1. c4 e5 2. Nc3 Nc6 3. Nf3 f5 4. g3 d6 5. d4 e4 6. Nh4 g5 7. Ng2 Bg7 8. h4 h6 9. hxg5 hxg5 10. Rxh8 Bxh8 11. Be3 Qf6 12. Nd5 Qg7 13. Qd2 Nf6 14. Nxf6+ Qxf6 15. O-O-O Bd7 16. f3 Qg7 17. fxe4 fxe4 18.
d5 Ne5 19. Bd4 Qe7 20. Ne3 b6 21. Bg2 O-O-O 22. Qc3 Qh7 23. Rh1 Qg6 24. b3 Rf8 25.
a4 Kb7 26. a5 Bg7 27. Kb2 Rf2 28. Rf1 Rxe2+ 29. Ka3 Nd3 30. Bxg7 Rxe3 31. Bd4 Rxg3 32.
Bh1 Bh3 33. Rf6 Qh7 34. axb6 axb6 35. Bxb6 cxb6 36. Rxd6 Qe7 37. Qf6 Qxf6 38. Rxf6 Nc5 39. Ka2 Bg2 40. Rf7+ Kc8 41. Bxg2 Rxg2+ 42. Ka3 Rg3 43. Ka2 Rxb3 44. Rg7 Rg3 45. Rf7 e3 46. Re7 Kd8 47. Re5 Kd7 48. Kb1 Kd6 49. Re8 Rg4 50.
Rxe3 Rxc4 51. Rg3 g4 52. Rg1 Kxd5 53. Rh1 Rd4 54. Rh5+ Kc4 55. Rh6 b5 56. Ka2 b4 57.
Rf6 Rd2+ 58. Kb1 g3 59. Rf3 g2 60. Rg3 Nd3 61. Rg4+ Kc3 62. Ka1 Rd1+ 63. Ka2 b3+ 64.
Ka3 Ra1# 0-1

[Event "Late-Titled-Tuesday-Blitz-May-14-2024"]
[Site "Chess.com"]
[Date "2024.05.14"]
[Round "4"]
[White "LiemLe"]
[Black "Statham_01"]
[Result "1-0"]
[WhiteElo "3039"]
[BlackElo "2618"]
[TimeControl "180+1"]
[EndTime "14:40:14 PDT"]
[Termination "LiemLe won by checkmate"]

1. Nf3 d5 2. e3 Bg4 3. c4 c6 4. Qb3 Nd7 5. Qxb7 e6 6. Qxc6 Rc8 7. Qa4 Nf6 8. Nc3 Bd6 9. d4 dxc4 10. Bxc4 O-O 11.
Be2 e5 12. dxe5 Bxe5 13. O-O Nc5 14. Qa3 Bd6 15. Rd1 Qe7 16. Nb5 Bb8 17. Bd2 Nfe4 18. Be1 Qf6 19. h3 Bh5 20. Rd5 Qh6 21. Rad1 Ne6 22.
Nc3 Nf6 23. Ra5 Bc7 24. Rxa7 Bxf3 25. Bxf3 Ng5 26. Bb7 Nxh3+ 27. gxh3 Qxh3 28. Bg2 Qh2+ 29. Kf1 Ng4 30. Ra4 Qh5 31. Rxg4 Qxg4 32. Qa4 Qh5 33.
Nd5 Bd8 34. Nf4 Qg4 35. Qd7 Qxd7 36. Rxd7 Bf6 37. b4 Rc1 38. Ke2 Ra1 39. Ra7 g6 40.
Bd5 Bg7 41. a4 Rb1 42. b5 Rb2+ 43. Kf3 g5 44. Nh5 Be5 45. Re7 Bd6 46. Rd7 Be5 47. Ke4 Bh8 48. Rb7 Rb1 49. Bd2 Re8+ 50. Kf3 Rf8 51.
a5 Rb2 52. Bc1 Rc2 53. Ba3 Rd8 54. Bxf7# 1-0

[Event "Late-Titled-Tuesday-Blitz-May-14-2024"]
[Site "Chess.com"]
[Date "2024.05.14"]
[Round "4"]
[White "NajdorfPlayerc5"]
[Black "Maikrosoft63"]
[Result "0-1"]
[WhiteElo "2389"]
[BlackElo "2614"]
[TimeControl "180+1"]
[EndTime "14:40:14 PDT"]
[Termination "Maikrosoft63 won on time"]

1. e4 c5 2. Nf3 Nc6 3. d4 cxd4 4.
Nxd4 g6 5. c4 Bg7 6. Be3 Nf6 7.
Nc3 O-O 8. Be2 d6 9. O-O Nxd4 10. Bxd4 Bd7 11. Qd2 Bc6 12. f3 a5 13. Rfd1 Nd7 14.
Bxg7 Kxg7 15. Kh1 Qb6 16. f4 a4 17. Nd5 Bxd5 18. exd5 Nc5 19. Qd4+ Kg8 20. h4 Nd7 21.
Rac1 Qxd4 22. Rxd4 Nc5 23. g3 h5 24. Kg2 Kg7 25. Re1 Kf6 26. Bd1 Ra6 27. Rd2 Rb6 28.
Re3 Rc8 29. Rde2 Rc7 30. b3 axb3 31. axb3 Rb4 32. f5 gxf5 33. Rf2 b5 34. Bxh5 bxc4 35. bxc4 Rxc4 36. g4 e6 37. dxe6 fxe6 38. gxf5 exf5 39.
Ref3 Rxh4 40. Rxf5+ Ke6 41. Rf6+ Ke5 42. R6f5+ Kd4 43. Bf7 Rh6 44. Rd5+ Kc3 45. Rf3+ Kb4 46. Rd4+ Kb5 47. Bc4+ Kb6 48. Bd5 Rg7+ 49. Kf2 Rh2+ 50.
Ke3 Re7+ 51. Kf4 Rh4+ 52. Kg5 Rxd4 53. Kg6 Rxd5 0-1

[Event "Late-Titled-Tuesday-Blitz-May-14-2024"]
[Site "Chess.com"]
[Date "2024.05.14"]
[Round "4"]
[White "Javadovvv"]
[Black "patzer-reloaded"]
[Result "1-0"]
[WhiteElo "2586"]
[BlackElo "2382"]
[TimeControl "180+1"]
[EndTime "14:40:14 PDT"]
[Termination "Javadovvv won on time"]

1. d4 Nf6 2. Nf3 e6 3. Bf4 d5 4. e3 Bd6 5. Bg3 O-O 6. Nbd2 c5 7. c3 Qc7 8. Bd3 Nbd7 9. O-O e5 10. dxe5 Nxe5 11.
Be2 Bf5 12. Nxe5 Bxe5 13. Nf3 Bxg3 14. hxg3 Rad8 15. Qa4 a6 16. Rad1 Rfe8 17. Qf4 Qxf4 18. gxf4 Bg4 19. Rfe1 Ne4 20. Nd2 Bxe2 21. Rxe2 Nf6 22. Nf3 Ne4 23. Rd3 f6 24. Re1 c4 25.
Rd4 Nc5 26. Red1 Nd3 27. Rd2 Re4 28. Kf1 b5 29. a3 Kf7 30. Ke2 Ke6 31. Ne1 Rxd4 32.
exd4 Nc1+ 33. Kf3 Kf5 34. Nc2 Nd3 35. g3 Re8 36. Ne3+ Ke6 37. Re2 Kd7 38. Rd2 Kc6 39. Kg2 h5 40. Nc2 a5 41. Ne3 g6 42. Kf3 f5 43. Kg2 b4 44. axb4 axb4 45. b3 bxc3 46. Rc2 Kb5 47. bxc4+ dxc4 48. Rxc3 Rc8 49. Nd5 Nb4 50.
Ne7 Rc7 51. Nxg6 Nd5 52. Rc1 c3 53. Kf1 Kc4 54. Ke2 Kb3 55. Ne5 Nb4 56. Nd3 Na2 57.
Rb1+ Kc2 58. Rb5 Nc1+ 59. Nxc1 1-0

[Event "Late-Titled-Tuesday-Blitz-May-14-2024"]
[Site "Chess.com"]
[Date "2024.05.14"]
[Round "4"]
[White "familijatop71"]
[Black "Bala-Afiada"]
[Result "0-1"]
[WhiteElo "2296"]
[BlackElo "1968"]
[TimeControl "180+1"]
[EndTime "14:40:14 PDT"]
[Termination "Bala-Afiada won on time"]

1. e4 c5 2. c3 Nf6 3. e5 Nd5 4. Nf3 d6 5. d4 dxe5 6. dxe5 Nc6 7. Bc4 Nb6 8. Qxd8+ Nxd8 9. Bb3 Bg4 10. Nbd2 e6 11.
h3 Bh5 12. Ne4 Bxf3 13. gxf3 Be7 14. Be3 c4 15. Bxb6 cxb3 16. axb3 Nc6 17. f4 O-O 18.
Bc5 Bxc5 19. Nxc5 b6 20. Ne4 f6 21. exf6 gxf6 22. Rg1+ Kf7 23. Ke2 Rg8 24. b4 a5 25.
bxa5 bxa5 26. Rxg8 Rxg8 27. h4 Rg4 28. Ke3 Rxh4 29.
Rd1 Rh3+ 30. Ng3 e5 31. fxe5 Nxe5 32. b4 axb4 33. cxb4 Nc4+ 34. Kd4 Rh4+ 35. Kc5 Nb2 36. Rd7+ Kg6 37. b5 Rc4+ 38. Kd6 Na4 39. Rc7 Rd4+ 40.
Ke6 Rb4 41. Nf5 Rxb5 42. Rg7+ Kh5 43. Rxh7+ Kg4 44. Rg7+ Kf4 45. Nd6 Nc5+ 46. Kxf6 Rb6 47. Ke7 Ne4 48. Rf7+ Ke5 0-1

[Event "Late-Titled-Tuesday-Blitz-May-14-2024"]
[Site "Chess.com"]
[Date "2024.05.14"]
[Round "4"]
[White "Abund"]
[Black "zajka-molotok"]
[Result "0-1"]
[WhiteElo "2769"]
[BlackElo "2571"]
[TimeControl "180+1"]
[EndTime "14:40:17 PDT"]
[Termination "zajka-molotok won by resignation"]

1. e4 g6 2. d4 Bg7 3. Nc3 d6 4. f4 Nc6 5. Be3 e5 6. dxe5 dxe5 7. Qxd8+ Nxd8 8. Nb5 Ne6 9. f5 a6 10. fxe6 axb5 11.
Bxb5+ c6 12. exf7+ Kxf7 13. Bc4+ Be6 14. Bxe6+ Kxe6 15.
Ne2 Nf6 16. Nc3 Ng4 17. Bc5 Bf8 18. Bxf8 Rhxf8 19. Nd1 Ra4 20. Nc3 Rd4 21. Rd1 Ne3 22. Rd2 b5 23. Re2 Nc4 24. b3 Nd6 25. a3 Ra8 26. a4 b4 27. Nd1 Nxe4 28. O-O Rad8 29. Nb2 Nc3 30. Ref2 Rd2 31. Nc4 Rxf2 32. Rxf2 Ne4 33.
Rf1 Nd2 34. Nxd2 Rxd2 35. Rf2 Rd1+ 36. Rf1 Rd2 37. Rf2 Rd1+ 38. Rf1 Rd4 39. Rc1 c5 40. h3 c4 41. Rf1 Rd2 42. Rf2 c3 43. Kf1 e4 44. Rxd2 cxd2 45. Ke2 e3 46. Kd1 Kd5 47. Ke2 h5 48. h4 Kd4 49. a5 Kc5 50. g3 Kb5 51. Kxe3 d1=Q 52. Kf4 Qxc2 53. Kg5 Qf5+ 0-1

[Event "Late-Titled-Tuesday-Blitz-May-14-2024"]
[Site "Chess.com"]
[Date "2024.05.14"]
[Round "4"]
[White "Meri-Arabidze"]
[Black "MusicCityMaster"]
[Result "1/2-1/2"]
[WhiteElo "2684"]
[BlackElo "2460"]
[TimeControl "180+1"]
[EndTime "14:40:17 PDT"]
[Termination "Game drawn - insufficient material"]

1. Nf3 Nf6 2. c4 c5 3. g3 d5 4. Bg2 Nc6 5. O-O d4 6. e3 h6 7.
exd4 cxd4 8. Re1 Bf5 9. d3 e6 10. Ne5 Rc8 11. Bf4 Bb4 12. Bd2 Be7 13. Qc2 O-O 14. a3 Nxe5 15. Rxe5 Nd7 16. Rb5 b6 17. Rxf5 exf5 18. b4 Re8 19. Bf4 Bg5 20. Bxg5 Qxg5 21. Nd2 Re2 22. Rd1 Rce8 23. Bc6 Qe7 24. Qc1 Re1+ 25.
Kg2 Re2 26. Nf3 Qd6 27. Bxd7 Qxd7 28. Qf4 Ra2 29. Nxd4 g6 30. Nb5 Ree2 31. Rf1 Qxd3 32.
Nxa7 Qe4+ 33. Qxe4 fxe4 34. Nc8 e3 35. Nxb6 Rxf2+ 36. Rxf2 Rxf2+ 37. Kg1 Ra2 38. Kf1 Rxa3 39. Ke2 Kf8 40. Nd5 Ke8 41. Nxe3 Kd7 42. Nd5 Ra2+ 43.
Kf3 Rxh2 44. b5 Kd6 45. b6 Rb2 46. Ke3 h5 47. Kf4 Rf2+ 48. Kg5 Rc2 49. Kf6 Rxc4 50. b7 Rb4 51. Nxb4 Kc7 52. Nd5+ Kxb7 53. Kxf7 g5 54. Kf6 h4 55. gxh4 gxh4 56. Nf4 Kc6 57. Kg5 Kd6 58. Nh3 Ke5 59. Kxh4 1/2-1/2

[Event "Late-Titled-Tuesday-Blitz-May-14-2024"]
[Site "Chess.com"]
[Date "2024.05.14"]
[Round "4"]
[White "kinga2008"]
[Black "invisible_s0ul"]
[Result "1-0"]
[WhiteElo "2535"]
[BlackElo "2356"]
[TimeControl "180+1"]
[EndTime "14:40:17 PDT"]
[Termination "kinga2008 won on time"]

1. e4 c5 2. Nf3 e6 3. c4 Nc6 4. Nc3 Nf6 5. d4 cxd4 6. Nxd4 Bb4 7. Nxc6 bxc6 8. Bd3 d5 9. cxd5 exd5 10. exd5 Nxd5 11. O-O Nxc3 12. bxc3 Bxc3 13. Ba3 Bxa1 14. Qxa1 Qxd3 15. Qxg7 Qxa3 16. Qxh8+ Qf8 17. Qxh7 Be6 18. Qe4 Qd6 19. Rc1 Qd5 20. Qh4 Rd8 21. h3 Kd7 22. Qa4 Ke8 23.
Qxa7 Qxa2 24. Qc7 Rc8 25. Qe5 Qd5 26. Qh8+ Kd7 27. Qb2 c5 28. Qe2 Ke7 29. Rd1 Qc4 30. Qe5 Qb3 31. Qd6+ Ke8 32. Re1 c4 33. Qe5 c3 34.
Qh8+ Kd7 35. Qd4+ Ke8 36. Qh8+ Ke7 37. Qxc8 c2 38. Qc7+ Kf8 39. Qd8+ Kg7 40. Qd4+ Kf8 41. Qd2 Qc4 42. Rc1 Bf5 43. Qd8+ Kg7 44. Qg5+ Bg6 45. Qe5+ f6 46. Qe7+ Kh6 47. Qxf6 Qd3 48. Qf4+ Kh7 49. Qf3 Qd2 50. Qa3 Qd1+ 51. Kh2 Qd2 52. Qe7+ Kh6 53.
Qe3+ Kh7 54. Qxd2 1-0

[Event "Late-Titled-Tuesday-Blitz-May-14-2024"]
[Site "Chess.com"]
[Date "2024.05.14"]
[Round "4"]
[White "besarquis"]
[Black "balack95"]
[Result "1-0"]
[WhiteElo "2338"]
[BlackElo "2497"]
[TimeControl "180+1"]
[EndTime "14:40:20 PDT"]
[Termination "besarquis won by resignation"]

1. e4 d5 2. exd5 Qxd5 3. Nc3 Qe5+ 4. Be2 c6 5. Nf3 Qc7 6. d4 Bg4 7. h3 Bxf3 8. Bxf3 e6 9. g3 Nf6 10. O-O Nbd7 11. Re1 O-O-O 12. Qe2 h5 13. Bg5 Bd6 14. Ne4 Be7 15. Bf4 Qa5 16. Nd6+ Bxd6 17. Bxd6 h4 18.
g4 Nb6 19. Bh2 Rxd4 20. c3 Rd7 21. Rad1 Rhd8 22. Rxd7 Rxd7 23. Rd1 Rxd1+ 24. Qxd1 Nfd5 25. Qd4 f6 26. c4 Qb4 27. b3 Qc3 28. Qe4 Qc1+ 29.
Kg2 Nc7 30. Bf4 Qc3 31. Qh7 e5 32. Qg8+ Kd7 33. Qxg7+ Kd6 34. Qxf6+ Ne6 35. Be3 Nd7 36. Qg6 a5 37. Be4 Nc5 38. Bxc5+ Kxc5 39. Qxe6 Kd4 40. Bf3 Qb2 41. Qd6+ Kc3 42. Qxe5+ Kc2 43. Qxb2+ Kxb2 44. g5 Kxa2 45. Bd1 Kb2 46. g6 Kc1 47. g7 Kxd1 48.
g8=Q Kc2 49. c5 Kc3 50. Qc4+ Kb2 51. b4 a4 52. f4 a3 53. f5 a2 54. Qxa2+ Kxa2 55. f6 Kb3 56. f7 Kxb4 57. f8=Q Kc4 58. Kf3 Kb5 59. Kg4 b6 60. cxb6 Kxb6 61. Qb4+ Kc7 62. Qc5 Kd7 63. Kf5 Kc7 64. Ke6 Kb7 65. Kd6 Kb8 66. Qxc6 Ka7 67. Qb5 Ka8 68. Kc7 1-0

[Event "Late-Titled-Tuesday-Blitz-May-14-2024"]
[Site "Chess.com"]
[Date "2024.05.14"]
[Round "4"]
[White "CombativeWombat"]
[Black "RespectfulDaveOnYouTube"]
[Result "0-1"]
[WhiteElo "2336"]
[BlackElo "2521"]
[TimeControl "180+1"]
[EndTime "14:40:22 PDT"]
[Termination "RespectfulDaveOnYouTube won by resignation"]

1. e4 d5 2. exd5 c6 3. dxc6 Nxc6 4. Bb5 e5 5. Nf3 Bd6 6. d4 e4 7. Qe2 Qe7 8. Nfd2 Nf6 9. Nc3 Bg4 10. f3 exf3 11.
Bxc6+ bxc6 12. Qxe7+ Kxe7 13. Nxf3 Bxf3 14. gxf3 Rhe8 15.
O-O Kd7 16. Bg5 Nd5 17. Ne4 Rab8 18. Nxd6 Kxd6 19. c4 h6 20. Bc1 Ne3 21. Re1 Nc2 22. Bf4+ Kd7 23. Bxb8 Nxe1 24. Bxa7 Nxf3+ 25. Kf2 Nd2 26.
b3 Ra8 27. Bb6 Nxb3 28. Rb1 Rxa2+ 29. Ke3 Nd2 30. Rc1 f5 31. Bc5 Ne4 32. Rg1 g5 33.
h4 Ng3 34. hxg5 hxg5 35. d5 cxd5 36. cxd5 Ra5 37. Bd4 Rxd5 38. Bf6 f4+ 39. Kf3 Rd3+ 40.
Kg4 Ne2 41. Re1 Rg3+ 42. Kf5 f3 43. Bxg5 f2 44. Rd1+ Kc6 45. Bh4 Rf3+ 46. Ke4 f1=Q 47. Rxf1 Rxf1 48. Ke3 Nc3 49. Kd2 Nd5 50. Kd3 Rf4 51.
Bg3 Ra4 52. Be1 Kc5 53. Bd2 Ra3+ 54. Ke4 Kc4 55. Bh6 Ra1 56. Ke5 Re1+ 57. Kd6 Ne3 58. Bg7 Nf5+ 59. Kc6 Nxg7 60. Kc7 Re6 0-1

[Event "Late-Titled-Tuesday-Blitz-May-14-2024"]
[Site "Chess.com"]
[Date "2024.05.14"]
[Round "4"]
[White "ameetghasi100"]
[Black "ChristopherYoo"]
[Result "0-1"]
[WhiteElo "2779"]
[BlackElo "3009"]
[TimeControl "180+1"]
[EndTime "14:40:23 PDT"]
[Termination "ChristopherYoo won on time"]

1. c4 e6 2. e3 Nf6 3. Nf3 b6 4. b3 Bb7 5. Bb2 Be7 6. g3 O-O 7. Bg2 d5 8. O-O dxc4 9. bxc4 c5 10. Qe2 Nc6 11. Nc3 Nb4 12. Ne1 Bxg2 13. Kxg2 Qd7 14. a3 Nc6 15. d3 a6 16. a4 Rfd8 17. f4 Ne8 18. Rd1 Nc7 19. Nc2 Nb4 20. e4 b5 21.
axb5 axb5 22. Ne3 Nxd3 23. Kg1 bxc4 24. Ba1 Bf6 25. e5 Be7 26. Ne4 Ra4 27. Bc3 Nd5 28. Nc2 Ra2 29. Ra1 Nxc3 30. Nxc3 Rxa1 31. Rxa1 f6 32.
Qe3 fxe5 33. fxe5 Rf8 34. Rf1 Rf7 35. Rxf7 Kxf7 36. Qe4 Kg8 37. Qxc4 Nxe5 38. Qe4 Bf6 39. Qa8+ Kf7 40. Qe4 Qd3 41. Qxd3 Nxd3 42. Ne4 Ke7 43. Kf1 c4 44. Ke2 Nc1+ 45. Kd1 Nb3 46. Ne3 c3 47. Kc2 Nd2 48. Nxd2 cxd2 49. Ng4 Bg5 50.
h4 Bh6 51. Ne5 Kd6 52. Nf3 Kd5 53. Nxd2 Bxd2 54. Kxd2 Ke4 55. Ke2 h5 56. Kf2 Kd3 57. Kf3 e5 58. Kf2 e4 0-1

[Event "Late-Titled-Tuesday-Blitz-May-14-2024"]
[Site "Chess.com"]
[Date "2024.05.14"]
[Round "4"]
[White "Orest_Vovk"]
[Black "Grischuk"]
[Result "1/2-1/2"]
[WhiteElo "2694"]
[BlackElo "3127"]
[TimeControl "180+1"]
[EndTime "14:40:23 PDT"]
[Termination "Game drawn by repetition"]

1. h4 e5 2. h5 d5 3. h6 Nxh6 4. d4 Nc6 5. Bxh6 gxh6 6. dxe5 Nxe5 7. Nf3 Bg7 8. Nxe5 Bxe5 9. Nc3 c6 10. Qd3 Qf6 11.
Qf3 Qxf3 12. gxf3 Bf5 13. O-O-O Bg6 14. e3 h5 15. f4 Bf6 16. Bd3 h4 17. f5 Bh5 18.
Be2 Bxc3 19. Bxh5 Bf6 20. Rdg1 Ke7 21. b3 Rhg8 22. Kd2 h6 23. f4 Rg3 24. Rxg3 hxg3 25. Ke2 Rg8 26. Kf3 b5 27. Rg1 Bc3 28. Rxg3 Rxg3+ 29. Kxg3 f6 30. Kf3 Kd6 31. Ke2 b4 32. Kd3 Bb2 33. Be8 a5 34. Bh5 Ke7 35. Bg6 Kd7 36.
Bh5 Kd6 37. Be8 Bc1 38. Bg6 Ke7 39. Bh5 c5 40. Bg6 Kd6 41. Be8 c4+ 42. Ke2 Kc5 43.
Bf7 Bb2 44. Kd2 Ba3 45. Ke2 Bc1 46. Kf3 c3 47. Ke2 d4 48. exd4+ Kxd4 49. Kf3 Bd2 50. Bg6 Be3 51. Bh5 Bc1 52. Bg6 Kd5 53. Bh5 Kc5 54.
Bg6 Kd4 55. Bh5 Bd2 56. Bg6 Kd5 57. Bh5 Kc5 58. Bg6 Bc1 59. Bh5 Kd4 60. Bg6 Kd5 61. Bh5 Kd4 1/2-1/2

[Event "Late-Titled-Tuesday-Blitz-May-14-2024"]
[Site "Chess.com"]
[Date "2024.05.14"]
[Round "4"]
[White "Kombinator01"]
[Black "ACollins05"]
[Result "1/2-1/2"]
[WhiteElo "2371"]
[BlackElo "2537"]
[TimeControl "180+1"]
[EndTime "14:40:23 PDT"]
[Termination "Game drawn - insufficient material"]

1. e4 a6 2. a4 c5 3. c4 Nc6 4.
b3 Nf6 5. d3 d6 6. f3 g6 7. g4 Bg7 8. Ra2 e6 9. h4 d5 10. Rah2 dxe4 11. dxe4 Qxd1+ 12. Kxd1 Nd4 13. Nd2 h5 14. g5 Nd7 15. Ne2 O-O 16. Nxd4 Bxd4 17.
Kc2 Ne5 18. Bb2 Rd8 19. Bxd4 Rxd4 20. f4 Ng4 21. Re2 e5 22. Nf3 Rd8 23. Nxe5 Nxe5 24. fxe5 Bg4 25. Rd2 Rxd2+ 26. Kxd2 Re8 27. Bd3 Rxe5 28. a5 Kf8 29. Rf1 Bd7 30. Rf6 Bc6 31.
Ke3 Re8 32. Kf4 Rd8 33. Ke3 Ke7 34. e5 Rd4 35. e6 fxe6 36. Rxg6 Rxh4 37. Rh6 Rh3+ 38.
Kd2 e5 39. Bf5 Rf3 40. Rh7+ Kd6 41. Rh6+ Ke7 42. Bc8 Rxb3 43. Rxh5 Rg3 44. Bxb7 Bxb7 45. Rh7+ Ke6 46. Rxb7 Rxg5 47. Rb6+ Kf5 48. Rxa6 Ke4 49. Rd6 Rg2+ 50. Kc3 Ra2 51. Ra6 Ke3 52. Kb3 Ra1 53.
Kb2 Ra4 54. Kb3 Rb4+ 55. Kc3 Ra4 56. Re6 e4 57. a6 Kf3 58. Rf6+ Ke2 59. Rc6 e3 60. Rxc5 Rxa6 61. Re5 Kf2 62. Rf5+ Ke1 63. Kd4 e2 64. Re5 Kd2 65. c5 Ra3 66. Rxe2+ Kxe2 67. c6 Ra7 68. Kc5 Kd3 69. Kb6 Rg7 70. c7 Rg8 71.
Kb7 Kc4 72. c8=R+ Rxc8 73. Kxc8 1/2-1/2

[Event "Late-Titled-Tuesday-Blitz-May-14-2024"]
[Site "Chess.com"]
[Date "2024.05.14"]
[Round "4"]
[White "GMthekingindian"]
[Black "Supelyel"]
[Result "1-0"]
[WhiteElo "2305"]
[BlackElo "2415"]
[TimeControl "180+1"]
[EndTime "14:40:27 PDT"]
[Termination "GMthekingindian won on time"]

1. d4 d6 2. Nf3 Nd7 3. g3 e5 4. Bg2 Ngf6 5. O-O Be7 6. dxe5 dxe5 7. Nc3 c6 8. a4 a5 9. Nd2 Qc7 10. Nc4 h6 11. b3 O-O 12. Ba3 Nc5 13. Qc1 Be6 14.
Ne3 Rfe8 15. Rd1 Qb6 16. Rd2 Rad8 17. Qe1 Rxd2 18. Qxd2 Rd8 19. Qe1 Kf8 20. Rd1 Na6 21. Bxe7+ Kxe7 22. Ne4 Nd5 23. Nc4 Qc7 24. Qxa5 Qxa5 25.
Nxa5 Rd7 26. c4 Ndb4 27. Rxd7+ Kxd7 28. Nxb7 Kc7 29. Nbc5 Bc8 30. Nxa6+ Nxa6 31. Nd2 Nc5 32. Be4 f5 33. Bc2 Na6 34. e4 g6 35. exf5 gxf5 36. Nf3 Kd6 37. Kf1 Nb4 38. Bb1 c5 39.
Ke2 e4 40. Nd2 Ke5 41. f3 Bb7 42. fxe4 fxe4 43. g4 Kd4 44. h4 e3 45. Nf1 Kc3 46. Nxe3 Kxb3 47. a5 Nc6 48. g5 Nd4+ 49. Kf2 hxg5 50.
hxg5 Kb4 51. g6 Ne6 52. Bf5 Ng7 53. Kg3 Kxa5 54. Kf4 Kb4 55. Ke5 Bf3 56. Kf6 Nh5+ 57. Kf7 Be2 58. Bg4 Bxg4 59. Nxg4 Kxc4 60. Nf6 1-0

[Event "Late-Titled-Tuesday-Blitz-May-14-2024"]
[Site "Chess.com"]
[Date "2024.05.14"]
[Round "4"]
[White "emeli_chess"]
[Black "Cuchulin"]
[Result "1-0"]
[WhiteElo "2423"]
[BlackElo "2221"]
[TimeControl "180+1"]
[EndTime "14:40:28 PDT"]
[Termination "emeli_chess won by resignation"]

1. d4 d5 2. c4 e6 3. Nc3 Nf6 4. cxd5 exd5 5. Bg5 Be7 6. e3 Be6 7. Bd3 h6 8. Bh4 O-O 9. Qc2 Nbd7 10. Nf3 c5 11. dxc5 Nxc5 12. Nd4 Nxd3+ 13. Qxd3 a6 14. O-O Qd7 15. Rfd1 Rfd8 16. Nce2 Ne4 17. Bxe7 Qxe7 18. Nc3 Nc5 19. Qe2 Qg5 20. Rd2 Bg4 21. Qf1 Rd6 22.
f4 Qe7 23. Qf2 Re8 24. Re1 Ne4 25. Nxe4 Qxe4 26. h3 Bd7 27. Qf3 Qe7 28. Rd3 Qf6 29. Rc1 Bf5 30. Nxf5 Qxf5 31. Rcc3 b5 32. b4 Re4 33. a3 Rde6 34. Kh2 h5 35. Qg3 Kh7 36. Qf3 g6 37. Qg3 Rc4 38. Qf3 Ree4 39. g4 hxg4 40. hxg4 Qc8 41. Rxc4 bxc4 42. Rxd5 Re8 43. Qd1 c3 44. Qc1 Qxg4 45. Qxc3 Qe2+ 46. Kg1 Qg4+ 47. Kf2 Qh4+ 48. Ke2 Qh2+ 49. Kd3 Qf2 50. Re5 Rxe5 51. Qxe5 Qf1+ 52. Kd4 Qa1+ 53. Kd5 Qxa3 54. Qf6 Qb3+ 55. Kc5 Qc2+ 56. Kb6 Qa2 57. e4 Qc4 58. e5 Qb5+ 59.
Ka7 Qc4 60. Qxa6 Qxb4 61. Qf6 Kg8 62. Ka6 Qb3 63. Ka7 Qb4 64. Ka6 Qb2 65. Ka7 Qb3 66.
Ka6 Qe6+ 67. Qxe6 fxe6 68. Kb6 Kf7 69. Kc7 g5 70. fxg5 Kg6 71. Kd7 Kf5 72. Kd6 Kxg5 73. Kxe6 1-0

[Event "Late-Titled-Tuesday-Blitz-May-14-2024"]
[Site "Chess.com"]
[Date "2024.05.14"]
[Round "4"]
[White "Oneofmyturns"]
[Black "Nf3c5"]
[Result "1-0"]
[WhiteElo "2803"]
[BlackElo "2561"]
[TimeControl "180+1"]
[EndTime "14:40:30 PDT"]
[Termination "Oneofmyturns won on time"]

1. d4 Nf6 2. c4 Nc6 3. Nf3 e6 4. a3 d6 5. Nc3 g6 6. g3 Bg7 7.
Bg2 O-O 8. O-O a5 9. Rb1 e5 10. d5 Nb8 11. e4 Na6 12. b4 c6 13. h3 axb4 14. axb4 c5 15. bxc5 Nxc5 16. Qc2 Nfxe4 17. Nxe4 Nxe4 18. Nxe5 Nc5 19. Nd3 Bf5 20. Rd1 Nxd3 21. Rxd3 Re8 22. Kh2 Qc7 23. Be3 Ra3 24.
Rbb3 Rxb3 25. Qxb3 Bxd3 26. Qxd3 b6 27. Qb3 Rc8 28. Bf1 Rb8 29. Qb5 Be5 30. Kg2 Bc3 31. Be2 Qe7 32. Bd3 Qf6 33. h4 Bd4 34. Bf4 h6 35. Qd7 Bc5 36. Be4 g5 37. hxg5 hxg5 38. Qg4 Re8 39. Bxg5 Qg7 40. Bf3 Re5 41. Qc8+ Qf8 42.
Qg4 Qg7 43. Qc8+ Kh7 44. Bf4 Re1 45. Bg4 Qf6 46. Qf8 Qg6 47. Bf3 Ra1 48. Qe7 Ra2 49.
Be4 Rxf2+ 50. Kh3 Kg7 51. Bxg6 Kxg6 52. Qg5+ Kh7 53. Qf6 Kg8 54. Kg4 Rf1 55. Qd8+ Kg7 56. Bxd6 f5+ 57. Kh3 Rh1+ 58. Kg2 Rg1+ 59. Kh2 Bd4 60.
Qg5+ Kf7 61. Qxf5+ Ke8 62. Qe6+ 1-0

[Event "Late-Titled-Tuesday-Blitz-May-14-2024"]
[Site "Chess.com"]
[Date "2024.05.14"]
[Round "4"]
[White "Lennis93"]
[Black "StoreySniper"]
[Result "0-1"]
[WhiteElo "2688"]
[BlackElo "2500"]
[TimeControl "180+1"]
[EndTime "14:40:34 PDT"]
[Termination "StoreySniper won by resignation"]

1. d4 g6 2. Nf3 Bg7 3. e4 c5 4. d5 d6 5. h3 Nf6 6. Nc3 O-O 7. a4 b6 8. Bf4 Ba6 9. Bb5 Bxb5 10. axb5 a5 11. O-O Nbd7 12. Bh2 Ne8 13. Re1 f6 14. Nd2 Nc7 15. Nc4 Rb8 16. f4 Rf7 17. f5 g5 18.
Qh5 Ne5 19. Bxe5 dxe5 20. d6 exd6 21. Rad1 Ne8 22. Nd5 Rfb7 23. Nce3 Qd7 24. c4 Qf7 25. Qe2 h5 26. Rd3 Bh6 27. Red1 Kh8 28. Nc3 Rd8 29.
Ned5 Rdb8 30. Na4 Bf8 31. Kf2 Qh7 32. Rh1 Be7 33. Rg3 Bd8 34. Qd3 Rg7 35. Ke1 Rbb7 36.
Kd1 Qh6 37. Kc2 Rh7 38. Kb3 Qf8 39. Qe2 Ng7 40. Rd3 h4 41. Rhd1 Nh5 42. Qd2 Rhd7 43.
Ne3 Nf4 44. Rc3 Be7 45. Ng4 Kg7 46. Qf2 Qf7 47. Rc2 Bf8 48. Nc3 a4+ 49. Nxa4 Ra7 50. Nxb6 Rdb7 51. Nd5 Nxd5 52. Rxd5 Qc7 53. Qd2 Rb8 54.
Rc1 Rba8 55. Kc2 Ra2 56. Rb1 Qa7 57. Rxd6 Qa4+ 58. Kc3 Qb4+ 59. Kc2 Bxd6 60. Qxd6 Qxc4+ 61. Kd2 Qd4+ 62. Qxd4 cxd4 63. Kd3 Rc8 64. b6 Rc6 65. b7 Rb6 66. Rc1 Rxb7 67. Rc6 Raxb2 68. Nxf6 R7b3+ 69. Kc4 Rc3+ 70. Kd5 Rxc6 71. Nh5+ Kh6 72. Kxc6 Kxh5 73. Kd5 d3 74. Kxe5 d2 75. f6 d1=Q 76. f7 Rf2 77. Ke6 Qf1 78. e5 Rxf7 79. Kd5 Qf5 80. g4+ Qxg4 81.
hxg4+ Kxg4 82. e6 Re7 83. Kd6 Rxe6+ 84. Kxe6 h3 0-1

[Event "Late-Titled-Tuesday-Blitz-May-14-2024"]
[Site "Chess.com"]
[Date "2024.05.14"]
[Round "4"]
[White "cthake"]
[Black "jaramsdal"]
[Result "0-1"]
[WhiteElo "1857"]
[BlackElo "2360"]
[TimeControl "180+1"]
[EndTime "14:40:34 PDT"]
[Termination "jaramsdal won on time"]

1. c4 e5 2. Nc3 Nf6 3. d3 Bb4 4. g3 O-O 5. Bg2 d5 6. cxd5 Nxd5 7. Bd2 Be6 8. a3 Bxc3 9. bxc3 Nd7 10. c4 N5b6 11.
Bxb7 Rb8 12. Bg2 Nc5 13. Bb4 Nba4 14. Nf3 f6 15. O-O c6 16. Rb1 a5 17. Bxc5 Nxc5 18.
Rxb8 Qxb8 19. Qb1 Qc7 20. Qc2 Rb8 21. Rb1 Rb7 22. h3 Qb8 23. Rxb7 Qxb7 24. Kh2 a4 25. d4 exd4 26. Nxd4 Bd7 27. Nf5 Qb3 28. Nd4 Qxa3 29. Nxc6 Qb3 30. Bd5+ Kh8 31. Qd2 a3 32. Nd4 Qb2 33. Qa5 h5 34. Qxc5 a2 35. Qf8+ Kh7 36.
Be4+ f5 37. Bxf5+ Bxf5 38. Qxf5+ Kg8 39. Qc8+ Kh7 40. Qf5+ Kh6 41. Qe6+ g6 42. Nf5+ Kh7 43. Qf7+ Kh8 44. Qf8+ Kh7 45. Qh6+ Kg8 46. Qxg6+ Kf8 47. Qd6+ Kg8 48. Qg6+ Kf8 49. Qd6+ Kf7 50. Qe7+ Kg6 51.
Nh4+ Kh6 52. Qe3+ Kg7 53. Qe7+ Kh6 54. Qe3+ Kh7 55. Qe4+ Kh8 56. Ng6+ Kg7 57. Ne7 a1=Q 58. Qg6+ Kf8 0-1